 Dungeon Crawl Stone Soup version 0.25-a0-10-g2fe12d4386 (webtiles) character file.

Game seed: 1870007923948438955, levelgen mode: deterministic

18 MrRokkomies the Slasher (level 2, -3/33 HPs)
             Began as a Vampire Gladiator on Oct 15, 2019.
             Slain by a gnoll
             ... wielding a +0 halberd
              (8 damage)
             ... on level 1 of the Dungeon.
             The game lasted 00:00:59 (328 turns).

MrRokkomies the Slasher (Vampire Gladiator)          Turns: 328, Time: 00:01:00

Health: -3/33      AC: 21    Str: 13    XL:     2   Next: 48%
Magic:  2/2        EV:  2    Int: 10    God:
Gold:   24         SH:  0    Dex: 15    Spells: 1/1 levels left

rFire    . . .     SeeInvis +   a - +0 long sword
rCold    . . .     Gourm    .   (no shield)
rNeg     + + +     Faith    .   (armour currently unavailable)
rPois    +         Spirit   .   (helmet currently unavailable)
rElec    .         Reflect  .   (cloak currently unavailable)
rCorr    .         Harm     .   (gloves currently unavailable)
MR       .....     NoTele   +   (boots currently unavailable)
Stlth    ++........             (no amulet)
HPRegen  0.31/turn              (no ring)
MPRegen  0.08/turn              (no ring)

@: tree-form, regenerating quickly
A: no food, see invisible
a: Exsanguinate


You were on level 1 of the Dungeon.
You were alive.
You were a tree.
You visited 1 branch of the dungeon, and saw 1 of its levels.

You collected 24 gold pieces.

Inventory:

Hand Weapons
 a - a +0 long sword (weapon)
Missiles
 d - 3 throwing nets
 f - 3 boomerangs (quivered)
Armour
 b - a +0 leather armour (melded)
 c - a +0 helmet (melded)
Scrolls
 g - a scroll of teleportation {unknown}
 i - 2 scrolls of identify {unknown}
 j - a scroll of magic mapping {unknown}
 k - a scroll of immolation {unknown}


   Skills:
 * Level 2.2 Fighting
 * Level 3.3 Long Blades
 - Level 1.5 Throwing
 - Level 3.2 Dodging
 + Level 1.3 Stealth


You had one spell level left.
You didn't know any spells.
Your spell library was empty.

Dungeon Overview and Level Annotations

Branches:
Dungeon (1/15)

Altars:


Innate Abilities, Weirdness & Mutations

You do not eat.
Your natural rate of healing is unusually fast.
((You have razor-sharp teeth.))
You have supernaturally acute eyesight. (SInv)
((You can survive without breathing.))


Message History

The gnoll shouts!
The gnoll closely misses you.
You hit the gnoll but do no damage. The gnoll closely misses you.
It was a potion of curing.
You feel better. The gnoll hits you with a +0 halberd!
Ouch! That really hurt!
The rat bites you.
It was a potion of lignification.
You turn into a tree.
Your +0 helmet melds into your body.
Your +0 leather armour melds into your body.
Your roots penetrate the ground.
The gnoll hits you with a +0 halberd!
* * * LOW HITPOINT WARNING * * *
The rat bites you but does no damage.
You barely miss the gnoll. The gnoll hits you but does no damage.
The rat bites you but does no damage.
You barely miss the gnoll. The rat bites you but does no damage.
The gnoll hits you but does no damage.
You hit the gnoll but do no damage. The rat bites you but does no damage.
The gnoll hits you with a +0 halberd!
You die...

≈.... #P.#. #.
....#.. # ###.
#...#.# #...
......
##.#.###...####
#......#.......
##...........#
...........#.#
#....g7...#.#
#...#r..#...#
#. #...##..#
#...##..## ###
#######..# ...
####..##.#
#........#
#.###..### # #
# #
###..###.#...#


You could see a gnoll and a rat.

Vanquished Creatures
  A leopard gecko (D:1)
  A giant cockroach (D:1)
  A goblin (D:1)
  2 hobgoblins (D:1)
  4 jackals (D:1)
  2 kobolds (D:1)
  3 frilled lizards (D:1)
14 creatures vanquished.

Notes
Turn   | Place    | Note
-------+----------+-------------------------------------------
     0 | D:1      | MrRokkomies the Vampire Gladiator began the quest for the
                  | Orb.
     0 | D:1      | Reached XP level 1. HP: 16/16 MP: 1/1
   145 | D:1      | Reached skill level 1 in Stealth
   147 | D:1      | Reached XP level 2. HP: 22/22 MP: 2/2
   328 | D:1      | Slain by a gnoll

Levels and vault maps discovered:
D:1:      eino_arrival_water_cross, layout_basic

Skill      XL: |  1 |
---------------+----+-----
Fighting       | 2 |  2.2
Stealth        | 1 |  1.3
Long Blades    | |  3.3
Throwing       | |  1.5
Dodging        | |  3.2

Action                   || total
-------------------------++-------
Melee: Long sword        ||    37
       Bite              ||     4
Throw: Boomerang         ||     3
  Use: Potion            ||     2
Armor: Leather armour    ||     9
       Skin              ||     6
Dodge: Dodged            ||    24
       Rpst.: Long sword ||     8

Table legend:
 A = Non-vault XP
 B = Vault XP
 C = Vault XP percentage of total XP
 D = Non-vault monster count
 E = Vault monster count
 F = Vault count percentage of total count
                 A         B        C        D         E       F
            +---------+---------+-------+---------+---------+-------
      Total |      26 |       0 |   0.0 |      14 |       0 |   0.0
            +---------+---------+-------+---------+---------+-------
        D:1 |      26 |       0 |   0.0 |      14 |       0 |   0.0
            +---------+---------+-------+---------+---------+-------
